 Dungeon Crawl Stone Soup version 0.26.1-11-gd32895ea62 (webtiles) character file.

Game seed: 15900033165602314551

2190 ubername the Thaumaturge (level 9, 0/100 HPs)
             Began as a Purple Draconian Ice Elementalist on June 19, 2021.
             Was a Follower of Vehumet.
             Succumbed to a killer bee's poison
             ... on level 7 of the Dungeon.
             The game lasted 00:20:25 (10100 turns).

ubername the Thaumaturge (DrIE)                    Turns: 10100, Time: 00:20:25

Health: 0/100      AC: 17    Str: 10    XL:     9   Next: 12%
Magic:  10/21      EV: 13    Int: 20    God:    Vehumet [*.....]
Gold:   270        SH:  0    Dex: 11    Spells: 18/25 levels left

rFire    . . .     SeeInvis .   l - +2 quarterstaff (chaos)
rCold    . . .     Faith    .   (shield currently unavailable)
rNeg     . . .     Spirit   .   (armour unavailable)
rPois    .         Reflect  .   (helmet restricted)
rElec    .         Harm     .   m - +1 cloak
rCorr    .         Rampage  .   (no gloves)
Will     +....                  (no boots)
Stlth    ..........             (no amulet)
HPRegen  0.26/turn              (no ring)
MPRegen  0.17/turn              (no ring)

@: berserking (expiring), lethally poisoned (0 -> -9), icy armour, very quick
A: breathe power, unfitting armour, cold-blooded, AC +7
a: Breathe Dispelling Energy, Renounce Religion


You were on level 7 of the Dungeon.
You worshipped Vehumet.
Vehumet was aware of your devotion.
You visited 2 branches of the dungeon, and saw 8 of its levels.

You collected 270 gold pieces.

Inventory:

Hand Weapons
 l - a +2 quarterstaff of chaos (weapon)
Missiles
 a - 57 poisoned darts
 c - 8 atropa-tipped darts
 e - 11 boomerangs
 i - 47 sling bullets
Armour
 m - a +1 cloak (worn)
Wands
 h - a wand of enslavement (9)
 k - a wand of polymorph (4)
Scrolls
 b - 2 scrolls of amnesia
 f - 5 scrolls of remove curse
 j - 7 scrolls of identify
Potions
 g - 2 potions of curing
 n - a potion of flight {unknown}
 o - 2 potions of might


   Skills:
 - Level 2.0 Fighting
 + Level 3.0 Short Blades
 + Level 2.7 Staves
 - Level 3.1 Dodging
 + Level 2.7 Stealth
 + Level 8.6 Spellcasting
 + Level 8.2 Ice Magic


You had 18 spell levels left.
You knew the following spells:

 Your Spells              Type           Power        Failure   Level
a - Freeze                Ice            100%         1%          1
b - Frozen Ramparts       Ice            82%          1%          3
c - Ozocubu's Armour      Ice            41%          1%          3

Your spell library contained the following spells:

 Spells                   Type           Power        Failure   Level
 Sandblast                Erth           16%          9%          1
 Hailstorm                Conj/Ice       25%          14%         4
 Summon Ice Beast         Ice/Summ       25%          14%         4


Dungeon Overview and Level Annotations

Branches:
Dungeon (7/15)             Temple (1/1) D:5

Altars:
Ashenzari
Cheibriados
Hepliaklqana
Kikubaaqudgha
Makhleb
Okawaru
Vehumet
Wu Jian
Yredelemnul

Shops:
D:4 :   D:5 (

Annotations:
D:7 Menkaure


Innate Abilities, Weirdness & Mutations

You can breathe bolts of dispelling energy.
Your rich purple scales are hard. (AC +7)
You cannot fit into any form of body armour.
You are cold-blooded and may be slowed by cold attacks.


Message History

The killer bee is severely wounded.
The frozen ramparts melt away.
* * * LOW HITPOINT WARNING * * *
You feel sick. The killer bee closely misses you. x2
You are too berserk!
You are too berserk!
You are too berserk!
* * * LOW HITPOINT WARNING * * *
You feel sick. The killer bee barely misses you.
You are too berserk!
You sock the killer bee! You burn the killer bee.
You kill the killer bee!
Vehumet accepts your kill.
* * * LOW HITPOINT WARNING * * *
You feel sick.
Unknown command.
You are too berserk!
You are too berserk!
You feel a strong urge to attack something.
You die...

.................#
.................#
.................##
...................
.................##
..................#
#................#
#........††......#
#........†@......#
#.......###......#
#....[..# ?.....#
######### ..:...#
......# #######


There were no monsters in sight!

Vanquished Creatures
  Edmund (D:5)
  An ice beast (D:6)
  A black bear (D:6)
  2 ogres
  A centaur (D:5)
  5 bullfrogs
  3 scorpions
  4 killer bees (D:7)
  4 wights (D:6)
  2 vampire bats (D:5)
  A howler monkey (D:6)
  3 hounds
  An orc priest (D:7)
  Crazy Yiuf (D:2)
  3 orc wizards
  A centaur skeleton (D:7)
  Ijyb (D:5)
  2 iguanas
  A worker ant (D:4)
  12 adders
  4 gnolls (D:3)
  2 river rats (D:5)
  A shadow imp (D:6)
  5 white imps
  An ufetubus (D:7)
  An ooze (D:3)
  An adder zombie (D:7)
  6 worms
  2 dart slugs
  6 leopard geckos
  16 orcs
  8 bats
  A bat skeleton (D:5)
  4 bat zombies (D:5)
  4 giant cockroaches
  11 goblins
  9 hobgoblins
  10 jackals
  9 kobolds
  3 quokkas
  A ball python (D:3)
  2 frilled lizards
  A jackal zombie (D:5)
  A leopard gecko skeleton (D:5)
  A quokka skeleton (D:5)
  11 rats
171 creatures vanquished.

Vanquished Creatures (others)
  3 plants (D:3)
3 creatures vanquished.

Grand Total: 174 creatures vanquished

Notes
Turn   | Place    | Note
-------+----------+-------------------------------------------
     0 | D:1      | ubername the Draconian Ice Elementalist began the quest for
                  | the Orb.
     0 | D:1      | Reached XP level 1. HP: 14/14 MP: 3/3
   413 | D:1      | Reached XP level 2. HP: 13/20 MP: 0/5
  1800 | D:1      | Reached XP level 3. HP: 20/26 MP: 3/6
  2041 | D:2      | Learned a level 3 spell: Frozen Ramparts
  2418 | D:2      | Found a hazy altar of Hepliaklqana.
  2754 | D:2      | Reached XP level 4. HP: 33/33 MP: 2/8
  2758 | D:2      | Learned a level 3 spell: Ozocubu's Armour
  2887 | D:2      | Found a runed translucent door.
  2988 | D:2      | Noticed Crazy Yiuf
  3154 | D:3      | Reached skill level 1 in Fighting
  3165 | D:3      | Reached skill level 1 in Short Blades
  4080 | D:3      | Reached skill level 5 in Ice Magic
  4080 | D:3      | Reached XP level 5. HP: 40/40 MP: 5/9
  4824 | D:3      | Found a faded altar of an unknown god.
  5468 | D:3      | Found a snail-covered altar of Cheibriados.
  5715 | D:4      | Reached XP level 6. HP: 46/47 MP: 4/11
  5948 | D:4      | Found Baaschaz's Book Emporium.
  6365 | D:4      | Found a basalt altar of Yredelemnul.
  6759 | D:5      | Entered Level 5 of the Dungeon
  7027 | D:5      | Found Qautag's Weapon Shoppe.
  7038 | D:5      | Noticed Edmund
  7059 | D:5      | Killed Edmund
  7060 | D:5      | Your scales start taking on a rich purple colour.
  7060 | D:5      | Reached skill level 5 in Spellcasting
  7060 | D:5      | Reached XP level 7. HP: 47/52 MP: 1/15
  7448 | D:5      | Found a staircase to the Ecumenical Temple.
  7610 | D:5      | Noticed Ijyb
  7618 | D:5      | Killed Ijyb
  7846 | D:5      | Found an ancient bone altar of Kikubaaqudgha.
  8117 | D:5      | Reached XP level 8. HP: 61/61 MP: 14/17
  8413 | Temple   | Entered the Ecumenical Temple
  8497 | Temple   | Became a worshipper of Vehumet
  8760 | D:2      | Killed Crazy Yiuf
  9314 | D:6      | Reached skill level 1 in Staves
  9883 | D:7      | Reached * piety under Vehumet
  9883 | D:7      | Offered knowledge of Sandblast by Vehumet.
  9899 | D:7      | Found an ornate altar of the Wu Jian Council.
  9975 | D:7      | Reached XP level 9. HP: 61/67 MP: 13/21
 10068 | D:7      | Noticed Menkaure
 10095 | D:7      | HP: 3/100 [killer bee (7)]
 10097 | D:7      | HP: 1/100 [poisoned by a killer bee]
 10100 | D:7      | Succumbed to a killer bee's poison

Illustrated notes

Levels and vault maps discovered:
D:1:      elethiomel_arrival_infinity_welcomes_careful_drivers,
          layout_loops_corners
D:2:      layout_rooms, nicolae_overflow_hidden_temple,
          chequers_serial_rivers_micro_b, uniq_crazy_yiuf_cottage
D:3:      kennysheep_six_static_rooms, layout_basic,
          lemuel_coloured_pillars_altar, chequers_ecumenical_altar_grove,
          kennysheep_big_empty_room, chequers_big_river, st_stairs_2,
          moated_statue
D:4:      layout_gridville, kennysheep_little_box, serial_shops, shop_statue
D:5:      layout_basic, kennysheep_vampire_church,
          minmay_temple_entry_stoned_glass, lightli_sewer_entry_pipes,
          serial_shops, shop, uniq_ijyb, uniq_edmund
D:6:      layout_basic, serial_bayou_crossing
D:7:      layout_basic, lemuel_round_altar, uniq_menkaure
Temple:   minmay_temple_curvy_loop

Skill      XL: |  1  2  3  4  5  6  7  8 |
---------------+-------------------------+-----
Dodging        | 2 3 |  3.1
Fighting       | 1 2 |  2.0
Short Blades   | 1 2 3 |  3.0
Spellcasting   | 3 5 6 8 |  8.6
Ice Magic      | 5 6 8 |  8.2
Stealth        | 2 |  2.7
Staves         | 2 |  2.7

Action                   |  1- 3 |  4- 6 |  7- 9 || total
-------------------------+-------+-------+-------++-------
Melee: Unarmed           |     2 |       |       ||     2
       Short sword       |    15 |    83 |    35 ||   133
       Tailslap          |     1 |     2 |    11 ||    14
       Quarterstaff      |       |       |    70 ||    70
 Cast: Freeze            |    46 |    14 |    44 ||   104
       Frozen Ramparts   |     8 |    40 |    29 ||    77
       Ozocubu's Armour  |       |     7 |    11 ||    18
  Use: Potion            |     4 |     5 |     2 ||    11
       Scroll            |       |     4 |     2 ||     6
 Stab: Sleeping          |       |       |     1 ||     1
Armor: Skin              |     8 |    42 |    58 ||   108
Dodge: Dodged            |    27 |    85 |   146 ||   258
